 Dungeon Crawl Stone Soup version 0.16-a0-702-gf4f471d (webtiles) character file.

131 PolkaDot the Ruffian (level 4, -3/37 HPs)
             Began as a Draconian Transmuter on Sept 20, 2014.
             Slain by a crocodile (10 damage)
             ... in a sewer.
             The game lasted 00:07:19 (2750 turns).

PolkaDot the Ruffian (Draconian Transmuter)         Turns: 2750, Time: 00:07:19

HP  -3/37        AC  6     Str 13      XL: 4   Next: 91%
MP   5/7         EV 12     Int 13      God:
Gold 219         SH  0     Dex 12      Spells:  3 memorised,  1 level left

rFire  . . .     SeeInvis .       - Unarmed
rCold  . . .     Clarity  .     (armour unavailable)
rNeg   . . .     rCorr    .     (no shield)
rPois  .         rRot     .     (helmet restricted)
rElec  .         Spirit   .     (no cloak)
SustAb .         Warding  .     h - +0 pair of gloves
rMut   .         Stasis   .     (no boots)
Gourm  .                        (no amulet)
MR     .....                    (no ring)
                                g - ring of stealth

@: not resistant to hostile enchantments, unstealthy
A: unfitting armour, cold-blooded, AC +5
a: no special abilities


You were in a sewer.
You were not hungry.

You visited 1 branch of the dungeon, and saw 3 of its levels.
You also visited: Sewer.

You collected 219 gold pieces.

Inventory:

Missiles
 b - 80 arrows
Armour
 h - a +0 pair of gloves (worn)
Comestibles
 a - 3 bread rations
 p - a rotting chunk of giant cockroach flesh
 r - 2 rotting chunks of adder flesh
 x - a chunk of bat flesh
 z - a rotting chunk of rat flesh
 A - a rotting chunk of jackal flesh
 B - a slice of pizza
 C - a meat ration
 D - a chunk of bat flesh
Scrolls
 e - 3 scrolls of recharging {unknown}
 i - a scroll of noise {unknown}
 m - 4 scrolls of identify {unknown}
 u - a scroll of fear {unknown}
 v - a scroll of enchant weapon {unknown}
Jewellery
 g - a ring of stealth (left hand)
 q - an uncursed ring of positive energy {unknown}
 t - a +6 ring of protection {unknown}
Potions
 c - a potion of invisibility {unknown}
 f - a potion of might {unknown}
 j - a potion of lignification {unknown}
 k - a potion of heal wounds {unknown}
 l - a potion of poison {unknown}
 n - a potion of curing {unknown}
 o - a potion of mutation {unknown}
 s - 2 potions of confusion {unknown}
Books
 d - a book of Changes

   Spells                             Type                      Level
   *Beastly Appendage                 Transmutation                1
   *Sticks to Snakes                  Transmutation                2
   *Spider Form                       Transmutation/Poison         3
   Ice Form                           Ice/Transmutation            4
   Blade Hands                        Transmutation                5
 w - a book of Party Tricks

   Spells                             Type                      Level
   Summon Butterflies                 Summoning                    1
   Apportation                        Translocation                1
   Blink                              Translocation                2
   Tukima's Dance                     Hexes                        3
   Alistair's Intoxication            Transmutation/Poison         4


   Skills:
 + Level 2.7 Fighting
 - Level 1.7 Dodging
 * Level 4.6 Unarmed Combat
 - Level 2.0 Spellcasting
 + Level 2.9 Transmutations


You had one spell level left.
You knew the following spells:

 Your Spells              Type           Power        Failure   Level  Hunger
a - Beastly Appendage     Trmt           #.....       10%         1    ##.....
s - Sticks to Snakes      Trmt           #.........   14%         2    ###....
z - Spider Form           Trmt/Pois      #.........   52%         3    ####...


Dungeon Overview and Level Annotations

Branches:
Dungeon (3/15)

Altars:
Dithmenos


Innate Abilities, Weirdness & Mutations

Your plain brown scales are hard (AC +5).
Your body does not fit into most forms of armour.
Your cold-blooded metabolism reacts poorly to cold.


Message History

You hit the crocodile.
The crocodile is poisoned.
The crocodile is lightly wounded.
The crocodile bites you.
* * * LOW HITPOINT WARNING * * *
You bite the crocodile!
The crocodile is heavily wounded.
The crocodile misses you.
Your transformation is almost over.
You barely miss the crocodile.
The crocodile is heavily wounded.
The crocodile barely misses you.
You completely miss the crocodile.
The crocodile is heavily wounded.
The crocodile closely misses you.
You hit the crocodile but do no damage.
The crocodile looks even sicker.
The crocodile is heavily wounded.
Your transformation has ended.
Your +0 pair of gloves unmelds from your body.
The crocodile bites you!
You die...

##.## ##.∩.##
##.....##
#...≈...#
#..≈≈≈..#
#.≈≈≈≈≈.#
#..≈≈≈..#
#...≈...#
##@....## ##t..##
##.## #.# #.# #.#
. #.# ... #.#
$.....####.#######


You could see a crocodile.

Vanquished Creatures
  Ijyb (D:3)
  5 adders
  A worm (D:2)
  A giant gecko (D:2)
  4 giant cockroaches
  6 hobgoblins
  4 kobolds
  12 bats
  A giant newt (D:1)
  6 goblins
  11 jackals
  7 rats
59 creatures vanquished.

Notes
Turn   | Place    | Note
--------------------------------------------------------------
     0 | D:1      | PolkaDot, the Draconian Transmuter, began the quest for the Orb.
     0 | D:1      | Reached XP level 1. HP: 16/16 MP: 3/3
   576 | D:1      | Reached XP level 2. HP: 20/23 MP: 4/4
   992 | D:1      | Learned a level 2 spell: Sticks to Snakes
  1357 | D:2      | Reached XP level 3. HP: 29/29 MP: 6/6
  1460 | D:2      | Found a shadowy altar of Dithmenos.
  1806 | D:2      | Reached skill level 4 in Unarmed Combat
  2044 | D:3      | Noticed Ijyb
  2044 | D:3      | Reached XP level 4. HP: 34/36 MP: 5/7
  2059 | D:3      | Killed Ijyb
  2413 | D:3      | Found a glowing drain.
  2634 | Sewer    | Entered a sewer
  2714 | Sewer    | Learned a level 3 spell: Spider Form
  2729 | Sewer    | Noticed a crocodile
  2750 | Sewer    | Slain by a crocodile

Action                   |  1- 3 |  4- 6 || total
-------------------------+-------+-------++-------
Melee: Unarmed           |   140 |    91 ||   231
 Cast: Beastly Appendage |     6 |     5 ||    11
       Spider Form       |       |     1 ||     1
 Stab: Sleeping          |     4 |       ||     4
  Eat: Chunk             |     4 |     2 ||     6
